[ AOE2 MATCH · #473077187 ]
UnrankedMongols vs Huns
[ REPLAY ANALYSIS · EXTRACTED FROM THE RECORDED GAME ]
Feudal
12:10
Castle
21:47
Imperial
38:46
| APM avg | 41.9 |
| APM peak | 85 |
| eAPM avg | 23.7 |
| Villagers / military | 149 / 70 |
Focus
⚔️ 40.9% · 🌾 59.1%
Mangudai ×29 · Genitour ×21 · Archer ×15 · Fishing Ship ×7 · Trebuchet (Packed) ×4 · Spearman ×1
Feudal
12:37
Castle
23:10
Imperial
39:50
| APM avg | 35.6 |
| APM peak | 67 |
| eAPM avg | 16.6 |
| Villagers / military | 98 / 73 |
Focus
⚔️ 41.2% · 🌾 58.8%
Cavalry Archer ×73 · Unknown (2626) ×21 · Fishing Ship ×19 · Trade Cog ×11
Feudal
12:38
Castle
16:55
Imperial
—
| APM avg | 20.9 |
| APM peak | 60 |
| eAPM avg | 11.5 |
| Villagers / military | 122 / 37 |
Focus
⚔️ 14.6% · 🌾 85.4%
Rattan Archer ×22 · Fishing Ship ×20 · Battle Elephant ×13 · Demolition Raft ×2
Feudal
13:28
Castle
21:04
Imperial
39:52
| APM avg | 48.8 |
| APM peak | 95 |
| eAPM avg | 25.2 |
| Villagers / military | 152 / 79 |
Focus
⚔️ 32.2% · 🌾 67.8%
Camel Archer ×52 · Camel Scout ×12 · Fishing Ship ×12 · Galley ×10 · Unknown (2626) ×5 · Fire Galley ×4
Feudal
12:13
Castle
27:01
Imperial
—
| APM avg | 44.6 |
| APM peak | 87 |
| eAPM avg | 21.3 |
| Villagers / military | 102 / 71 |
Focus
⚔️ 28.7% · 🌾 71.3%
Galley ×36 · Genoese Crossbowman ×34 · Fishing Ship ×8 · Monk ×1
Feudal
14:07
Castle
26:41
Imperial
—
| APM avg | 35.5 |
| APM peak | 80 |
| eAPM avg | 19.2 |
| Villagers / military | 68 / 47 |
Focus
⚔️ 37.6% · 🌾 62.4%
Galley ×47 · Fishing Ship ×22
Feudal
12:42
Castle
17:59
Imperial
—
| APM avg | 23.7 |
| APM peak | 46 |
| eAPM avg | 17.0 |
| Villagers / military | 167 / 54 |
Focus
⚔️ 17.4% · 🌾 82.6%
Teutonic Knight ×38 · Fishing Ship ×15 · Knight ×10 · Monk ×3 · Battering Ram ×3
Feudal
13:17
Castle
17:12
Imperial
34:10
| APM avg | 34.9 |
| APM peak | 74 |
| eAPM avg | 17.4 |
| Villagers / military | 162 / 72 |
Focus
⚔️ 26.3% · 🌾 73.7%
Knight ×40 · Conquistador ×30 · Fishing Ship ×10 · Trebuchet (Packed) ×2
Match map
Initial resources + every placement click. Lines = walls · curves = elevation contours. ◆ gold · ⬟ stone · ● berries · ✦ relic · ◌ wall gap
Your base· Open — unwalled flank
TdB.TheMoonlightBoy's base· Open — 4t gap
ABOMB's base· Open — unwalled flank
EXILE | TurtleS3's base· Open — 2t gap
Half_59's base· Open — unwalled flank
pray4u's base· Open — unwalled flank
Itgetsdarker's base· Open — 7t gap
brachigol's base· Open — 11t gap
Smoothed initial terrain · ◌ = detected wall gap · hover for details
Inputs per minute
— [SotC] Gandalf - - TdB.TheMoonlightBoy
Build order — [SotC] Gandalf
First 150 of 393 actions detected
| 0:26 | Build | Town Center |
| 1:41 | Build | Dock |
| 1:43 | Build | House |
| 2:41 | Create | Villager (Male) |
| 2:41 | Create | Villager (Male) |
| 2:42 | Create | Villager (Male) |
| 2:42 | Create | Villager (Male) |
| 3:52 | Create | Fishing Ship |
| 4:18 | Build | Palisade Wall |
| 4:21 | Build | House |
| 4:31 | Build | House |
| 4:45 | Build | House |
| 4:49 | Create | Villager (Male) |
| 4:51 | Create | Fishing Ship |
| 5:06 | Research | Loom |
| 5:35 | Create | Fishing Ship |
| 5:49 | Create | Villager (Male) |
| 6:10 | Create | Villager (Male) |
| 6:31 | Create | Villager (Male) |
| 6:35 | Create | Villager (Male) |
| 6:49 | Create | Villager (Male) |
| 7:05 | Create | Fishing Ship |
| 7:10 | Create | Villager (Male) |
| 7:26 | Create | Villager (Male) |
| 7:51 | Build | House |
| 8:09 | Create | Villager (Male) |
| 8:11 | Create | Villager (Male) |
| 8:12 | Create | Fishing Ship |
| 8:31 | Create | Villager (Male) |
| 8:50 | Create | Fishing Ship |
| 9:12 | Build | Mill |
| 9:21 | Build | House |
| 9:38 | Create | Fishing Ship |
| 9:39 | Create | Villager (Male) |
| 9:58 | Research | Feudal Age |
| 10:23 | Build | Lumber Camp |
| 11:27 | Build | Barracks |
| 11:30 | Build | House |
| 11:35 | Create | Villager (Male) |
| 12:10 | Age | Feudal Age |
| 12:14 | Build | Archery Range |
| 12:21 | Create | Villager (Male) |
| 12:23 | Research | Double-Bit Axe |
| 12:44 | Create | Spearman |
| 12:58 | Create | Archer |
| 13:01 | Research | Town Watch |
| 13:03 | Research | Horse Collar |
| 13:05 | Create | Villager (Male) |
| 13:16 | Create | Archer |
| 13:18 | Create | Villager (Male) |
| 13:53 | Build | Watch Tower |
| 13:56 | Create | Archer |
| 13:57 | Create | Villager (Male) |
| 14:04 | Build | House |
| 14:13 | Create | Villager (Male) |
| 14:16 | Build | Blacksmith |
| 14:19 | Build | House |
| 14:20 | Build | House |
| 14:25 | Create | Villager (Male) |
| 14:34 | Create | Archer |
| 14:43 | Build | House |
| 14:45 | Build | Palisade Wall |
| 14:52 | Build | Farm |
| 15:01 | Research | Fletching |
| 15:03 | Create | Archer |
| 15:08 | Create | Villager (Male) |
| 15:15 | Build | Farm |
| 15:25 | Create | Archer |
| 15:39 | Build | Palisade Wall |
| 15:45 | Create | Villager (Male) |
| 15:53 | Build | Farm |
| 16:01 | Build | Palisade Wall |
| 16:01 | Build | Palisade Wall |
| 16:01 | Build | Palisade Wall |
| 16:02 | Build | Palisade Wall |
| 16:02 | Build | Palisade Wall |
| 16:02 | Build | Palisade Wall |
| 16:02 | Build | Palisade Wall |
| 16:03 | Build | Palisade Wall |
| 16:05 | Build | Palisade Wall |
| 16:06 | Build | Palisade Wall |
| 16:06 | Build | Palisade Wall |
| 16:06 | Build | Palisade Wall |
| 16:07 | Build | Palisade Wall |
| 16:07 | Build | Palisade Wall |
| 16:07 | Build | Palisade Wall |
| 16:07 | Build | Palisade Wall |
| 16:08 | Build | Palisade Wall |
| 16:10 | Build | Palisade Wall |
| 16:10 | Build | Palisade Wall |
| 16:21 | Create | Archer |
| 16:29 | Create | Villager (Male) |
| 16:35 | Build | Farm |
| 16:43 | Create | Archer |
| 16:47 | Create | Villager (Male) |
| 17:07 | Build | Farm |
| 17:27 | Create | Villager (Male) |
| 17:29 | Build | Market |
| 17:38 | Create | Villager (Male) |
| 17:38 | Create | Archer |
| 17:43 | Build | House |
| 17:51 | Build | Outpost |
| 18:35 | Build | House |
| 18:44 | Build | House |
| 18:50 | Build | Farm |
| 18:53 | Create | Archer |
| 18:54 | Create | Archer |
| 19:07 | Research | Castle Age |
| 19:29 | Create | Archer |
| 19:31 | Create | Archer |
| 19:50 | Build | Outpost |
| 19:59 | Build | Mining Camp |
| 20:16 | Create | Archer |
| 20:51 | Research | Wheelbarrow |
| 21:47 | Age | Castle Age |
| 21:51 | Research | Crossbowman (upgrade) |
| 21:53 | Research | Bow Saw |
| 21:59 | Research | Stone Mining |
| 22:49 | Create | Villager (Male) |
| 23:18 | Create | Villager (Male) |
| 23:30 | Create | Genitour |
| 23:35 | Create | Archer |
| 23:43 | Build | Town Center |
| 23:47 | Create | Villager (Male) |
| 23:51 | Build | Farm |
| 23:55 | Build | Farm |
| 23:56 | Create | Villager (Male) |
| 24:09 | Create | Villager (Male) |
| 24:13 | Research | Bodkin Arrow |
| 24:16 | Create | Villager (Male) |
| 24:48 | Build | Town Center |
| 24:51 | Create | Villager (Male) |
| 25:22 | Create | Villager (Male) |
| 25:23 | Create | Villager (Male) |
| 25:24 | Create | Villager (Male) |
| 25:39 | Build | House |
| 25:40 | Build | House |
| 25:48 | Create | Villager (Male) |
| 26:07 | Create | Villager (Male) |
| 26:09 | Create | Villager (Male) |
| 26:09 | Create | Villager (Male) |
| 26:12 | Create | Villager (Male) |
| 26:12 | Create | Villager (Male) |
| 26:24 | Create | Villager (Male) |
| 26:24 | Create | Villager (Male) |
| 26:27 | Create | Villager (Male) |
| 26:35 | Research | Padded Archer Armor |
| 26:36 | Create | Villager (Male) |
| 26:50 | Build | University |
| 26:53 | Create | Villager (Male) |
Build order — TdB.TheMoonlightBoy
First 150 of 242 actions detected
| 0:30 | Build | Town Center |
| 2:36 | Create | Villager (Male) |
| 2:37 | Create | Villager (Male) |
| 2:47 | Create | Villager (Male) |
| 2:51 | Create | Villager (Male) |
| 4:18 | Research | Loom |
| 4:30 | Build | Dock |
| 4:48 | Create | Villager (Male) |
| 4:48 | Create | Villager (Male) |
| 5:11 | Create | Villager (Male) |
| 5:25 | Create | Fishing Ship |
| 5:38 | Create | Villager (Male) |
| 5:54 | Create | Villager (Male) |
| 6:08 | Create | Villager (Male) |
| 6:29 | Create | Fishing Ship |
| 6:43 | Create | Villager (Male) |
| 7:16 | Create | Fishing Ship |
| 7:16 | Create | Villager (Male) |
| 7:34 | Create | Villager (Male) |
| 7:45 | Create | Fishing Ship |
| 7:46 | Create | Villager (Male) |
| 8:14 | Create | Villager (Male) |
| 8:40 | Create | Fishing Ship |
| 8:45 | Create | Villager (Male) |
| 9:13 | Build | Lumber Camp |
| 9:22 | Create | Villager (Male) |
| 9:48 | Create | Fishing Ship |
| 9:49 | Create | Villager (Male) |
| 10:10 | Build | Palisade Wall |
| 10:27 | Research | Feudal Age |
| 10:55 | Build | Mining Camp |
| 11:18 | Build | Dock |
| 11:33 | Create | Villager (Male) |
| 11:33 | Create | Villager (Male) |
| 12:07 | Build | Dock |
| 12:37 | Age | Feudal Age |
| 12:42 | Create | Trade Cog |
| 12:42 | Create | Trade Cog |
| 12:57 | Research | Double-Bit Axe |
| 12:58 | Create | Villager (Male) |
| 13:08 | Create | Villager (Male) |
| 13:10 | Create | Trade Cog |
| 13:10 | Create | Trade Cog |
| 13:26 | Create | Trade Cog |
| 13:26 | Create | Trade Cog |
| 13:27 | Create | Villager (Male) |
| 13:46 | Create | Unit 2626 |
| 13:50 | Create | Unit 2626 |
| 13:50 | Create | Unit 2626 |
| 13:50 | Create | Unit 2626 |
| 14:00 | Create | Villager (Male) |
| 14:11 | Create | Unit 2626 ×2 |
| 14:13 | Create | Villager (Male) |
| 14:20 | Create | Villager (Male) |
| 14:30 | Create | Unit 2626 |
| 14:31 | Create | Villager (Male) |
| 14:49 | Build | Mill |
| 14:55 | Create | Villager (Male) |
| 15:15 | Create | Unit 2626 ×2 |
| 15:16 | Create | Villager (Male) |
| 15:25 | Create | Villager (Male) |
| 15:34 | Create | Villager (Male) |
| 15:53 | Create | Unit 2626 ×3 |
| 15:56 | Create | Villager (Male) |
| 16:08 | Create | Villager (Male) |
| 16:18 | Create | Villager (Male) |
| 16:45 | Create | Unit 2626 ×3 |
| 16:46 | Create | Villager (Male) |
| 17:25 | Create | Unit 2626 ×3 |
| 17:33 | Create | Villager (Male) |
| 17:41 | Create | Villager (Male) |
| 18:12 | Create | Unit 2626 ×3 |
| 18:14 | Create | Villager (Male) |
| 18:17 | Create | Villager (Male) |
| 18:29 | Build | Mining Camp |
| 18:38 | Create | Villager (Male) |
| 18:48 | Create | Villager (Male) |
| 19:09 | Create | Villager (Male) |
| 19:33 | Build | Market |
| 19:38 | Build | Blacksmith |
| 19:40 | Build | Palisade Wall |
| 19:41 | Build | Palisade Wall |
| 20:30 | Research | Castle Age |
| 20:30 | Research | Castle Age |
| 20:38 | Build | Barracks |
| 20:40 | Create | Villager (Male) |
| 21:12 | Create | Villager (Male) |
| 21:32 | Build | Lumber Camp |
| 21:59 | Create | Villager (Male) |
| 22:20 | Create | Villager (Male) |
| 23:01 | Build | Archery Range |
| 23:03 | Build | Archery Range |
| 23:05 | Build | Archery Range |
| 23:10 | Age | Castle Age |
| 23:19 | Build | Mining Camp |
| 23:27 | Research | Fletching |
| 23:28 | Create | Villager (Male) |
| 24:09 | Create | Villager (Male) |
| 24:31 | Create | Cavalry Archer |
| 24:31 | Create | Cavalry Archer |
| 24:32 | Create | Cavalry Archer |
| 24:32 | Create | Cavalry Archer |
| 24:36 | Create | Villager (Male) |
| 24:41 | Create | Cavalry Archer ×5 |
| 24:44 | Create | Villager (Male) |
| 24:52 | Build | Dock |
| 24:54 | Create | Villager (Male) |
| 25:10 | Create | Cavalry Archer ×3 |
| 25:11 | Create | Villager (Male) |
| 25:26 | Create | Cavalry Archer |
| 25:28 | Research | Gold Mining |
| 25:29 | Create | Villager (Male) |
| 25:35 | Create | Villager (Male) |
| 25:42 | Build | University |
| 25:47 | Create | Cavalry Archer |
| 25:49 | Create | Cavalry Archer |
| 26:11 | Create | Cavalry Archer |
| 26:16 | Create | Cavalry Archer |
| 26:31 | Create | Cavalry Archer ×4 |
| 26:45 | Research | Bodkin Arrow |
| 26:46 | Create | Cavalry Archer ×3 |
| 27:06 | Create | Cavalry Archer |
| 27:07 | Create | Villager (Male) |
| 27:19 | Create | Cavalry Archer ×2 |
| 27:29 | Research | Ballistics |
| 27:29 | Research | Ballistics |
| 27:36 | Create | Cavalry Archer |
| 27:54 | Build | Lumber Camp |
| 27:58 | Create | Villager (Male) |
| 28:18 | Research | Padded Archer Armor |
| 28:32 | Create | Cavalry Archer ×2 |
| 28:44 | Create | Cavalry Archer |
| 28:47 | Create | Villager (Male) |
| 29:00 | Create | Cavalry Archer ×2 |
| 29:14 | Create | Cavalry Archer |
| 29:17 | Create | Cavalry Archer |
| 29:48 | Create | Fishing Ship |
| 29:49 | Create | Fishing Ship |
| 29:49 | Create | Fishing Ship |
| 29:49 | Create | Fishing Ship |
| 29:50 | Create | Villager (Male) |
| 29:58 | Create | Cavalry Archer ×3 |
| 30:25 | Create | Cavalry Archer ×3 |
| 30:35 | Create | Villager (Male) |
| 30:44 | Create | Cavalry Archer ×2 |
| 30:52 | Create | Fishing Ship ×3 |
| 31:04 | Research | Tech 906 |
| 31:07 | Create | Villager (Male) |
| 31:11 | Create | Villager (Male) |
| 31:19 | Create | Fishing Ship ×2 |
Build order — ABOMB
First 150 of 266 actions detected
| 0:27 | Build | Town Center |
| 0:49 | Build | Dock |
| 1:36 | Build | House |
| 2:40 | Create | Villager (Male) |
| 2:40 | Create | Villager (Male) |
| 2:41 | Create | Villager (Male) |
| 2:41 | Create | Villager (Male) |
| 2:42 | Research | Loom |
| 3:57 | Create | Villager (Male) |
| 4:03 | Create | Fishing Ship |
| 4:51 | Build | House |
| 5:07 | Create | Villager (Male) |
| 5:37 | Create | Villager (Male) |
| 6:03 | Create | Fishing Ship |
| 6:06 | Create | Villager (Male) |
| 6:06 | Create | Villager (Male) |
| 6:31 | Create | Villager (Male) |
| 6:37 | Build | House |
| 6:52 | Create | Villager (Male) |
| 7:11 | Create | Fishing Ship |
| 7:24 | Create | Villager (Male) |
| 7:24 | Create | Villager (Male) |
| 7:24 | Create | Villager (Male) |
| 7:38 | Build | House |
| 7:45 | Create | Villager (Male) |
| 7:59 | Create | Villager (Male) |
| 7:59 | Create | Villager (Male) |
| 8:24 | Create | Fishing Ship |
| 8:25 | Create | Fishing Ship |
| 8:30 | Build | House |
| 8:38 | Create | Villager (Male) |
| 9:06 | Create | Fishing Ship |
| 9:27 | Create | Villager (Male) |
| 9:36 | Create | Villager (Male) |
| 9:51 | Build | Lumber Camp |
| 10:28 | Research | Feudal Age |
| 10:44 | Build | Mining Camp |
| 11:47 | Build | House |
| 12:03 | Build | Mill |
| 12:38 | Age | Feudal Age |
| 12:42 | Create | Villager (Male) |
| 12:48 | Build | Blacksmith |
| 13:08 | Create | Villager (Male) |
| 13:47 | Build | Market |
| 13:50 | Create | Villager (Male) |
| 14:15 | Research | Castle Age |
| 14:19 | Build | Mining Camp |
| 15:09 | Build | Mining Camp |
| 16:18 | Research | Stone Mining |
| 16:55 | Age | Castle Age |
| 17:00 | Create | Villager (Male) |
| 17:01 | Create | Villager (Male) |
| 17:05 | Research | Double-Bit Axe |
| 18:47 | Create | Villager (Male) |
| 18:56 | Research | Bow Saw |
| 19:11 | Build | Lumber Camp |
| 20:42 | Build | Town Center |
| 21:06 | Research | Wheelbarrow |
| 21:28 | Create | Villager (Male) |
| 21:28 | Create | Villager (Male) |
| 22:09 | Create | Demolition Raft |
| 22:09 | Create | Demolition Raft |
| 22:21 | Create | Villager (Male) |
| 22:30 | Create | Fishing Ship |
| 22:30 | Create | Fishing Ship |
| 22:41 | Create | Villager (Male) |
| 23:36 | Build | Castle |
| 23:48 | Create | Villager (Male) |
| 23:50 | Create | Villager (Male) |
| 24:37 | Create | Villager (Male) |
| 24:37 | Create | Villager (Male) |
| 24:37 | Create | Villager (Male) |
| 25:29 | Create | Villager (Male) |
| 25:33 | Build | Town Center |
| 26:20 | Create | Villager (Male) |
| 26:20 | Create | Villager (Male) |
| 26:50 | Create | Villager (Male) |
| 26:54 | Create | Villager (Male) |
| 26:54 | Create | Villager (Male) |
| 27:33 | Create | Villager (Male) |
| 27:33 | Create | Villager (Male) |
| 28:09 | Build | Town Center |
| 28:20 | Create | Villager (Male) |
| 28:20 | Create | Villager (Male) |
| 28:20 | Create | Villager (Male) |
| 29:02 | Create | Villager (Male) |
| 29:02 | Create | Villager (Male) |
| 29:19 | Create | Villager (Male) |
| 29:20 | Create | Villager (Male) |
| 29:42 | Create | Villager (Male) |
| 29:42 | Create | Villager (Male) |
| 29:50 | Build | Dock |
| 30:06 | Create | Rattan Archer |
| 30:19 | Create | Villager (Male) |
| 30:40 | Create | Fishing Ship |
| 30:40 | Create | Fishing Ship |
| 30:40 | Create | Fishing Ship |
| 30:41 | Create | Fishing Ship |
| 30:53 | Create | Fishing Ship ×2 |
| 30:54 | Create | Fishing Ship ×2 |
| 30:59 | Create | Villager (Male) |
| 30:59 | Create | Villager (Male) |
| 31:10 | Create | Villager (Male) |
| 31:10 | Create | Villager (Male) |
| 31:10 | Create | Villager (Male) |
| 31:12 | Create | Villager (Male) |
| 31:12 | Create | Villager (Male) |
| 31:24 | Create | Rattan Archer |
| 31:34 | Create | Villager (Male) |
| 31:34 | Create | Villager (Male) |
| 31:34 | Create | Villager (Male) |
| 31:38 | Build | House |
| 31:39 | Build | House |
| 31:53 | Create | Villager (Male) |
| 32:07 | Create | Villager (Male) |
| 32:16 | Create | Villager (Male) |
| 32:25 | Create | Fishing Ship |
| 32:25 | Create | Fishing Ship |
| 32:28 | Create | Villager (Male) |
| 32:28 | Create | Villager (Male) |
| 32:31 | Build | Mining Camp |
| 32:37 | Create | Rattan Archer |
| 32:38 | Create | Rattan Archer |
| 32:38 | Create | Rattan Archer |
| 32:46 | Build | House |
| 32:46 | Build | House |
| 32:47 | Create | Villager (Male) |
| 32:48 | Create | Villager (Male) |
| 32:48 | Create | Villager (Male) |
| 32:48 | Create | Villager (Male) |
| 33:00 | Build | Dock |
| 33:10 | Create | Rattan Archer |
| 33:12 | Create | Villager (Male) |
| 33:12 | Create | Villager (Male) |
| 33:12 | Create | Villager (Male) |
| 33:12 | Create | Villager (Male) |
| 33:13 | Create | Villager (Male) |
| 33:19 | Create | Fishing Ship ×2 |
| 33:28 | Build | House |
| 33:29 | Build | House |
| 33:32 | Create | Villager (Male) |
| 33:34 | Create | Rattan Archer |
| 33:35 | Create | Rattan Archer |
| 33:35 | Create | Rattan Archer |
| 33:54 | Research | Fletching |
| 33:57 | Create | Villager (Male) |
| 34:06 | Create | Villager (Male) |
| 34:06 | Create | Villager (Male) |
| 34:07 | Create | Villager (Male) |
| 34:07 | Create | Villager (Male) |
Build order — EXILE | TurtleS3
First 150 of 414 actions detected
| 0:19 | Build | Town Center |
| 2:05 | Build | Dock |
| 2:10 | Build | House |
| 2:41 | Create | Villager (Male) |
| 2:42 | Create | Villager (Male) |
| 2:42 | Create | Villager (Male) |
| 2:42 | Create | Villager (Male) |
| 3:58 | Research | Loom |
| 4:04 | Create | Fishing Ship |
| 4:45 | Create | Villager (Male) |
| 4:54 | Create | Fishing Ship |
| 5:15 | Create | Villager (Male) |
| 5:15 | Create | Villager (Male) |
| 5:35 | Create | Villager (Male) |
| 5:35 | Create | Villager (Male) |
| 5:35 | Create | Villager (Male) |
| 6:08 | Create | Villager (Male) |
| 6:08 | Create | Villager (Male) |
| 6:13 | Build | House |
| 6:17 | Create | Fishing Ship |
| 6:17 | Create | Fishing Ship |
| 6:23 | Create | Villager (Male) |
| 6:48 | Create | Villager (Male) |
| 6:48 | Create | Villager (Male) |
| 7:02 | Create | Fishing Ship |
| 7:02 | Create | Fishing Ship |
| 7:15 | Create | Villager (Male) |
| 7:15 | Create | Villager (Male) |
| 7:33 | Create | Fishing Ship |
| 7:42 | Create | Villager (Male) |
| 8:00 | Create | Villager (Male) |
| 8:02 | Build | House |
| 8:09 | Create | Fishing Ship |
| 8:26 | Build | House |
| 8:29 | Create | Villager (Male) |
| 8:51 | Create | Villager (Male) |
| 8:52 | Create | Villager (Male) |
| 8:52 | Create | Fishing Ship |
| 8:59 | Build | House |
| 9:17 | Create | Villager (Male) |
| 9:39 | Create | Fishing Ship |
| 9:59 | Build | Lumber Camp |
| 10:08 | Create | Villager (Male) |
| 10:15 | Create | Villager (Male) |
| 10:20 | Create | Fishing Ship |
| 10:54 | Create | Fishing Ship |
| 11:18 | Research | Feudal Age |
| 11:18 | Research | Feudal Age |
| 11:26 | Build | Dock |
| 11:58 | Build | Mining Camp |
| 12:01 | Build | House |
| 12:07 | Create | Villager (Male) |
| 12:39 | Create | Villager (Male) |
| 13:28 | Age | Feudal Age |
| 13:30 | Research | Double-Bit Axe |
| 13:35 | Create | Fire Galley |
| 13:35 | Create | Fire Galley |
| 13:50 | Create | Villager (Male) |
| 14:03 | Create | Fire Galley |
| 14:06 | Create | Fire Galley |
| 14:06 | Create | Villager (Male) |
| 14:10 | Research | Gold Mining |
| 14:10 | Research | Gold Mining |
| 14:10 | Research | Gold Mining |
| 14:18 | Build | House |
| 14:28 | Create | Villager (Male) |
| 14:52 | Build | Mill |
| 15:08 | Create | Unit 2626 |
| 15:08 | Create | Unit 2626 |
| 15:10 | Create | Villager (Male) |
| 16:08 | Create | Villager (Male) |
| 16:09 | Create | Villager (Male) |
| 16:23 | Create | Unit 2626 |
| 16:39 | Create | Villager (Male) |
| 16:41 | Build | Mill |
| 16:45 | Build | Blacksmith |
| 17:05 | Create | Unit 2626 |
| 17:08 | Create | Unit 2626 |
| 17:13 | Create | Villager (Male) |
| 17:26 | Create | Villager (Male) |
| 17:34 | Build | Market |
| 18:24 | Research | Castle Age |
| 18:24 | Research | Castle Age |
| 18:24 | Research | Castle Age |
| 18:28 | Create | Galley |
| 18:31 | Create | Galley |
| 18:38 | Build | Dock |
| 18:57 | Research | Fletching |
| 19:11 | Create | Galley |
| 19:12 | Create | Galley |
| 19:19 | Create | Villager (Male) |
| 19:22 | Build | House |
| 19:27 | Build | House |
| 19:28 | Build | House |
| 19:43 | Create | Galley |
| 19:59 | Create | Galley |
| 20:01 | Create | Galley |
| 20:18 | Build | Lumber Camp |
| 20:36 | Build | Dock |
| 20:51 | Create | Villager (Male) |
| 20:56 | Create | Galley |
| 20:57 | Create | Galley |
| 21:04 | Age | Castle Age |
| 21:25 | Research | War Galley (upgrade) |
| 21:35 | Research | Bodkin Arrow |
| 21:35 | Create | Villager (Male) |
| 21:37 | Create | Galley |
| 21:45 | Build | House |
| 21:46 | Create | Villager (Male) |
| 22:11 | Build | Town Center |
| 22:41 | Create | Villager (Male) |
| 22:58 | Create | Villager (Male) |
| 23:09 | Create | Villager (Male) |
| 23:09 | Create | Villager (Male) |
| 23:13 | Research | Horse Collar |
| 23:24 | Build | Town Center |
| 23:29 | Create | Villager (Male) |
| 23:33 | Research | Bow Saw |
| 23:37 | Build | Farm |
| 23:38 | Build | Farm |
| 23:41 | Build | Farm |
| 23:44 | Build | Farm |
| 23:50 | Build | Farm |
| 23:53 | Build | Farm |
| 23:54 | Build | Farm |
| 23:56 | Build | Farm |
| 24:01 | Build | Farm |
| 24:02 | Build | Farm |
| 24:03 | Create | Villager (Male) |
| 24:04 | Create | Villager (Male) |
| 24:33 | Build | Palisade Wall |
| 24:37 | Build | Palisade Wall |
| 24:47 | Create | Villager (Male) |
| 24:52 | Build | Palisade Gate |
| 24:57 | Build | Palisade Gate |
| 25:07 | Create | Villager (Male) |
| 25:12 | Create | Villager (Male) |
| 25:12 | Create | Villager (Male) |
| 25:13 | Create | Villager (Male) |
| 25:28 | Build | Outpost |
| 25:35 | Research | Town Watch |
| 25:35 | Research | Town Watch |
| 25:36 | Create | Villager (Male) |
| 25:56 | Create | Villager (Male) |
| 25:56 | Create | Villager (Male) |
| 26:15 | Build | House |
| 26:16 | Create | Villager (Male) |
| 26:17 | Create | Villager (Male) |
| 26:25 | Build | Mill |
| 26:26 | Build | Farm |
Build order — Half_59
First 150 of 306 actions detected
| 0:14 | Build | Town Center |
| 1:14 | Build | Dock |
| 1:50 | Build | House |
| 2:40 | Create | Villager (Male) |
| 2:41 | Create | Villager (Male) |
| 2:41 | Create | Villager (Male) |
| 2:41 | Create | Villager (Male) |
| 4:04 | Create | Villager (Male) |
| 4:09 | Create | Fishing Ship |
| 4:32 | Build | House |
| 4:53 | Create | Villager (Male) |
| 4:53 | Create | Villager (Male) |
| 5:26 | Create | Fishing Ship |
| 5:30 | Create | Villager (Male) |
| 5:56 | Create | Villager (Male) |
| 5:56 | Create | Villager (Male) |
| 5:59 | Build | Palisade Wall |
| 6:10 | Build | Palisade Wall |
| 6:17 | Create | Fishing Ship |
| 6:28 | Build | House |
| 6:31 | Create | Villager (Male) |
| 7:03 | Create | Villager (Male) |
| 7:06 | Create | Villager (Male) |
| 7:07 | Create | Villager (Male) |
| 7:10 | Create | Fishing Ship |
| 7:17 | Build | House |
| 7:32 | Create | Villager (Male) |
| 7:49 | Create | Villager (Male) |
| 7:50 | Create | Villager (Male) |
| 7:56 | Create | Fishing Ship |
| 8:25 | Build | Palisade Wall |
| 8:32 | Create | Villager (Male) |
| 8:39 | Build | Palisade Wall |
| 8:41 | Create | Villager (Male) |
| 8:44 | Create | Villager (Male) |
| 8:49 | Create | Villager (Male) |
| 9:02 | Create | Villager (Male) |
| 9:04 | Create | Villager (Male) |
| 9:26 | Build | Lumber Camp |
| 9:33 | Research | Loom |
| 9:55 | Build | House |
| 10:03 | Research | Feudal Age |
| 10:03 | Research | Feudal Age |
| 10:23 | Create | Villager (Male) |
| 10:38 | Build | Mining Camp |
| 11:36 | Build | Palisade Wall |
| 11:45 | Build | Dock |
| 12:03 | Create | Villager (Male) |
| 12:13 | Age | Feudal Age |
| 12:16 | Create | Galley |
| 12:20 | Create | Galley |
| 12:31 | Build | Blacksmith |
| 12:40 | Create | Villager (Male) |
| 12:42 | Create | Galley |
| 12:49 | Create | Villager (Male) |
| 12:58 | Research | Double-Bit Axe |
| 12:58 | Create | Villager (Male) |
| 13:08 | Build | House |
| 13:10 | Create | Villager (Male) |
| 13:11 | Create | Villager (Male) |
| 13:25 | Create | Galley |
| 13:39 | Research | Fletching |
| 13:49 | Create | Galley |
| 13:50 | Create | Villager (Male) |
| 13:53 | Build | House |
| 14:09 | Create | Villager (Male) |
| 14:12 | Create | Galley |
| 14:29 | Create | Villager (Male) |
| 14:31 | Create | Galley |
| 14:38 | Build | House |
| 15:03 | Create | Galley |
| 15:04 | Create | Villager (Male) |
| 15:18 | Build | Mill |
| 15:48 | Create | Galley |
| 15:48 | Create | Galley |
| 15:51 | Create | Villager (Male) |
| 15:58 | Create | Villager (Male) |
| 15:59 | Create | Galley |
| 16:20 | Create | Villager (Male) |
| 16:23 | Build | House |
| 16:25 | Build | Palisade Wall |
| 16:48 | Create | Galley |
| 16:49 | Create | Galley |
| 16:54 | Create | Villager (Male) |
| 17:00 | Create | Villager (Male) |
| 17:20 | Create | Villager (Male) |
| 17:26 | Create | Galley |
| 17:26 | Create | Galley |
| 17:27 | Create | Villager (Male) |
| 17:36 | Build | House |
| 17:52 | Create | Galley |
| 17:52 | Create | Galley |
| 17:53 | Create | Villager (Male) |
| 17:53 | Create | Villager (Male) |
| 18:25 | Create | Galley |
| 18:25 | Create | Galley |
| 18:28 | Create | Villager (Male) |
| 18:59 | Build | Market |
| 19:14 | Create | Galley |
| 19:15 | Create | Galley |
| 19:16 | Create | Villager (Male) |
| 19:19 | Build | House |
| 19:19 | Build | House |
| 19:36 | Build | House |
| 19:38 | Build | House |
| 19:57 | Build | House |
| 19:59 | Build | Palisade Wall |
| 20:11 | Research | Castle Age |
| 20:19 | Build | House |
| 20:21 | Build | Palisade Wall |
| 20:23 | Build | Palisade Wall |
| 20:29 | Create | Galley |
| 20:29 | Create | Galley |
| 20:36 | Build | House |
| 20:47 | Build | Mining Camp |
| 20:56 | Research | Gold Mining |
| 21:46 | Create | Galley |
| 21:47 | Create | Galley |
| 22:16 | Create | Villager (Male) |
| 22:16 | Create | Villager (Male) |
| 22:22 | Research | Stone Mining |
| 22:30 | Create | Galley |
| 22:30 | Create | Galley |
| 22:48 | Create | Villager (Male) |
| 22:49 | Create | Villager (Male) |
| 23:08 | Create | Villager (Male) |
| 23:08 | Create | Villager (Male) |
| 23:25 | Create | Galley |
| 23:31 | Build | House |
| 24:11 | Research | Castle Age |
| 24:17 | Build | Lumber Camp |
| 24:24 | Build | Mining Camp |
| 24:27 | Build | Barracks |
| 24:31 | Create | Galley |
| 24:31 | Create | Galley |
| 24:41 | Build | House |
| 24:47 | Create | Galley |
| 24:47 | Create | Galley |
| 25:13 | Build | Dock |
| 25:18 | Create | Galley |
| 25:18 | Create | Galley |
| 25:23 | Build | House |
| 25:24 | Build | House |
| 25:25 | Build | Palisade Wall |
| 25:25 | Build | Palisade Wall |
| 25:27 | Build | Palisade Wall |
| 26:00 | Build | Archery Range |
| 26:02 | Research | Padded Archer Armor |
| 26:47 | Create | Villager (Male) |
| 27:01 | Age | Castle Age |
Build order — pray4u
First 150 of 215 actions detected
| 0:52 | Build | Dock |
| 1:13 | Build | Town Center |
| 3:27 | Create | Villager (Male) |
| 3:28 | Create | Villager (Male) ×3 |
| 3:29 | Create | Villager (Male) ×3 |
| 4:00 | Create | Fishing Ship |
| 4:01 | Create | Fishing Ship |
| 4:56 | Build | House |
| 5:09 | Create | Fishing Ship |
| 5:34 | Research | Loom |
| 5:44 | Create | Fishing Ship |
| 5:58 | Create | Villager (Male) |
| 5:58 | Create | Villager (Male) |
| 6:17 | Create | Fishing Ship |
| 6:18 | Create | Fishing Ship |
| 6:32 | Create | Villager (Male) |
| 6:32 | Create | Villager (Male) |
| 7:03 | Create | Villager (Male) |
| 7:04 | Create | Villager (Male) |
| 7:13 | Create | Fishing Ship |
| 7:13 | Create | Fishing Ship |
| 7:17 | Build | House |
| 7:28 | Create | Villager (Male) |
| 7:28 | Create | Villager (Male) |
| 7:56 | Build | Palisade Wall |
| 8:01 | Create | Fishing Ship |
| 8:03 | Create | Villager (Male) |
| 8:03 | Create | Villager (Male) |
| 8:20 | Build | House |
| 8:25 | Build | House |
| 8:28 | Create | Villager (Male) |
| 8:56 | Create | Villager (Male) |
| 8:57 | Create | Fishing Ship |
| 9:12 | Create | Villager (Male) |
| 9:27 | Create | Fishing Ship |
| 9:35 | Create | Fishing Ship |
| 9:36 | Create | Villager (Male) |
| 9:39 | Create | Villager (Male) |
| 9:40 | Create | Villager (Male) |
| 9:40 | Create | Villager (Male) |
| 9:44 | Build | House |
| 10:18 | Build | Lumber Camp |
| 10:27 | Create | Fishing Ship |
| 10:35 | Create | Villager (Male) |
| 11:08 | Create | Fishing Ship |
| 11:10 | Create | Villager (Male) |
| 11:47 | Build | House |
| 11:57 | Research | Feudal Age |
| 12:11 | Build | House |
| 12:39 | Build | Lumber Camp |
| 12:47 | Build | Dock |
| 13:26 | Create | Fishing Ship |
| 14:07 | Age | Feudal Age |
| 14:10 | Create | Galley |
| 14:10 | Create | Galley |
| 14:13 | Create | Villager (Male) |
| 14:14 | Create | Villager (Male) |
| 14:32 | Build | Palisade Wall |
| 14:33 | Build | Palisade Wall |
| 14:47 | Create | Villager (Male) |
| 14:52 | Research | Double-Bit Axe |
| 15:00 | Build | Mill |
| 15:06 | Build | Mill |
| 15:13 | Create | Galley |
| 15:13 | Create | Galley |
| 15:15 | Create | Galley |
| 15:15 | Create | Galley |
| 15:16 | Create | Villager (Male) |
| 15:47 | Create | Villager (Male) |
| 16:03 | Build | House |
| 16:30 | Create | Villager (Male) |
| 16:33 | Build | House |
| 17:01 | Create | Galley |
| 17:03 | Create | Villager (Male) |
| 18:21 | Build | Market |
| 18:26 | Build | Blacksmith |
| 18:29 | Create | Villager (Male) |
| 19:22 | Build | Watch Tower |
| 20:01 | Research | Castle Age |
| 21:21 | Build | Mining Camp |
| 21:31 | Build | Lumber Camp |
| 21:43 | Research | Wheelbarrow |
| 22:37 | Build | Watch Tower |
| 23:10 | Build | Town Center |
| 23:26 | Build | Stone Wall |
| 23:27 | Build | Stone Wall |
| 23:27 | Build | Stone Wall |
| 23:28 | Build | Stone Wall |
| 24:01 | Research | Castle Age |
| 24:40 | Create | Villager (Male) |
| 24:46 | Research | Stone Mining |
| 25:06 | Build | Palisade Wall |
| 25:36 | Build | Palisade Wall |
| 25:39 | Build | Palisade Wall |
| 25:42 | Build | Palisade Wall |
| 25:44 | Create | Villager (Male) |
| 26:37 | Create | Villager (Male) |
| 26:41 | Age | Castle Age |
| 26:44 | Research | Wheelbarrow |
| 26:47 | Research | Bow Saw |
| 26:50 | Create | Villager (Male) |
| 26:51 | Create | Villager (Male) |
| 27:36 | Build | Mill |
| 27:45 | Create | Villager (Male) |
| 27:45 | Create | Villager (Male) |
| 27:54 | Build | Dock |
| 28:03 | Build | Dock |
| 28:37 | Create | Villager (Male) |
| 28:57 | Create | Villager (Male) |
| 29:34 | Build | Palisade Wall |
| 29:41 | Create | Villager (Male) |
| 29:47 | Build | Dock |
| 29:51 | Create | Fishing Ship |
| 30:16 | Create | Villager (Male) |
| 30:17 | Create | Villager (Male) |
| 30:17 | Create | Villager (Male) |
| 30:19 | Create | Fishing Ship |
| 30:20 | Create | Fishing Ship |
| 30:34 | Create | Fishing Ship |
| 30:35 | Create | Fishing Ship |
| 30:40 | Research | Tech 906 |
| 31:00 | Create | Fishing Ship |
| 31:26 | Create | Villager (Male) |
| 31:43 | Create | Villager (Male) |
| 31:49 | Research | War Galley (upgrade) |
| 31:55 | Create | Villager (Male) |
| 32:05 | Build | House |
| 32:07 | Build | House |
| 32:26 | Build | Dock |
| 32:28 | Create | Villager (Male) |
| 32:36 | Build | Lumber Camp |
| 32:50 | Create | Galley |
| 32:55 | Build | Blacksmith |
| 33:02 | Build | Dock |
| 33:12 | Create | Galley |
| 33:13 | Create | Galley |
| 33:17 | Create | Villager (Male) |
| 33:18 | Create | Villager (Male) |
| 33:27 | Create | Galley |
| 33:47 | Create | Galley |
| 33:47 | Create | Galley |
| 33:47 | Create | Galley |
| 33:47 | Create | Galley |
| 33:48 | Create | Galley |
| 33:54 | Build | Dock |
| 34:05 | Build | Blacksmith |
| 34:10 | Create | Galley |
| 34:10 | Create | Galley |
| 34:10 | Create | Galley |
| 34:11 | Create | Villager (Male) |
Build order — Itgetsdarker
First 150 of 372 actions detected
| 0:08 | Build | Town Center |
| 1:19 | Build | Dock |
| 1:20 | Build | House |
| 2:35 | Create | Villager (Male) |
| 2:36 | Create | Villager (Male) |
| 2:36 | Create | Villager (Male) |
| 2:36 | Create | Villager (Male) |
| 2:36 | Create | Villager (Male) |
| 3:38 | Create | Fishing Ship |
| 3:39 | Create | Fishing Ship |
| 3:39 | Create | Fishing Ship |
| 4:17 | Research | Loom |
| 4:22 | Build | House |
| 4:24 | Create | Villager (Male) |
| 4:39 | Create | Fishing Ship |
| 4:39 | Create | Fishing Ship |
| 4:39 | Create | Fishing Ship |
| 4:40 | Create | Fishing Ship |
| 5:15 | Create | Fishing Ship |
| 5:16 | Create | Fishing Ship |
| 5:41 | Create | Villager (Male) |
| 6:14 | Create | Fishing Ship |
| 6:14 | Create | Fishing Ship |
| 6:21 | Create | Villager (Male) |
| 6:22 | Create | Villager (Male) |
| 6:46 | Create | Villager (Male) |
| 6:46 | Create | Villager (Male) |
| 6:49 | Create | Villager (Male) |
| 6:49 | Create | Villager (Male) |
| 7:02 | Build | House |
| 7:04 | Create | Villager (Male) |
| 7:31 | Build | House |
| 7:33 | Create | Villager (Male) |
| 7:34 | Create | Villager (Male) |
| 7:49 | Create | Villager (Male) |
| 7:49 | Create | Villager (Male) |
| 8:26 | Create | Villager (Male) |
| 8:26 | Create | Fishing Ship |
| 9:13 | Create | Villager (Male) |
| 9:36 | Build | House |
| 9:40 | Build | Mill |
| 9:58 | Create | Villager (Male) |
| 10:09 | Create | Fishing Ship |
| 10:32 | Research | Feudal Age |
| 10:32 | Research | Feudal Age |
| 11:15 | Build | Mining Camp |
| 11:45 | Create | Villager (Male) |
| 11:45 | Create | Villager (Male) |
| 12:42 | Age | Feudal Age |
| 12:44 | Build | Market |
| 12:50 | Build | Blacksmith |
| 13:13 | Create | Villager (Male) |
| 13:43 | Build | House |
| 13:52 | Create | Villager (Male) |
| 14:03 | Build | Mining Camp |
| 14:17 | Create | Villager (Male) |
| 14:46 | Create | Villager (Male) |
| 15:19 | Research | Castle Age |
| 15:19 | Research | Castle Age |
| 16:11 | Build | House |
| 16:32 | Create | Villager (Male) |
| 16:38 | Build | Lumber Camp |
| 16:43 | Create | Villager (Male) |
| 17:09 | Research | Double-Bit Axe |
| 17:59 | Age | Castle Age |
| 18:04 | Create | Villager (Male) |
| 18:41 | Build | Castle |
| 18:50 | Build | Castle |
| 19:14 | Create | Villager (Male) |
| 19:15 | Create | Villager (Male) |
| 19:39 | Create | Villager (Male) |
| 19:55 | Create | Villager (Male) |
| 20:05 | Build | Siege Workshop |
| 20:06 | Create | Teutonic Knight |
| 20:07 | Create | Teutonic Knight |
| 20:07 | Create | Teutonic Knight |
| 20:22 | Create | Battering Ram |
| 20:22 | Create | Battering Ram |
| 20:30 | Build | Lumber Camp |
| 20:31 | Create | Teutonic Knight |
| 20:31 | Create | Teutonic Knight |
| 20:57 | Create | Villager (Male) |
| 21:02 | Create | Battering Ram |
| 21:32 | Create | Teutonic Knight |
| 21:33 | Create | Teutonic Knight |
| 21:50 | Build | Farm |
| 21:50 | Build | Farm |
| 21:51 | Build | Farm |
| 21:51 | Build | Farm |
| 21:51 | Build | Farm |
| 21:52 | Build | Farm |
| 21:52 | Build | Farm |
| 21:53 | Build | Farm |
| 21:54 | Create | Villager (Male) |
| 22:30 | Create | Villager (Male) |
| 22:41 | Create | Villager (Male) |
| 22:59 | Build | Town Center |
| 23:06 | Create | Villager (Male) |
| 23:07 | Create | Villager (Male) |
| 23:36 | Create | Villager (Male) |
| 23:52 | Create | Villager (Male) |
| 24:02 | Build | Monastery |
| 24:10 | Build | Farm |
| 24:11 | Build | Farm |
| 24:11 | Build | Farm |
| 24:11 | Build | Farm |
| 24:31 | Create | Monk |
| 24:32 | Create | Monk |
| 24:33 | Create | Villager (Male) |
| 24:48 | Build | Mill |
| 25:01 | Create | Villager (Male) |
| 25:34 | Create | Villager (Male) |
| 25:34 | Create | Villager (Male) |
| 25:34 | Create | Villager (Male) |
| 25:54 | Research | Sanctity |
| 25:54 | Create | Villager (Male) |
| 25:55 | Create | Villager (Male) |
| 26:00 | Build | Farm |
| 26:01 | Build | Farm |
| 26:01 | Build | Farm |
| 26:01 | Build | Farm |
| 26:09 | Create | Villager (Male) |
| 26:22 | Create | Villager (Male) |
| 26:22 | Create | Villager (Male) |
| 26:23 | Create | Villager (Male) |
| 26:34 | Create | Villager (Male) |
| 27:00 | Create | Villager (Male) |
| 27:00 | Create | Villager (Male) |
| 27:00 | Create | Villager (Male) |
| 27:08 | Build | House |
| 27:09 | Build | House |
| 27:11 | Build | House |
| 27:12 | Build | House |
| 27:38 | Build | Town Center |
| 27:39 | Create | Villager (Male) |
| 27:39 | Create | Villager (Male) |
| 27:40 | Create | Villager (Male) |
| 27:43 | Research | Town Watch |
| 27:47 | Create | Monk |
| 27:48 | Create | Villager (Male) |
| 27:59 | Create | Villager (Male) |
| 27:59 | Create | Villager (Male) |
| 28:03 | Build | Farm |
| 28:15 | Build | Farm |
| 28:19 | Create | Teutonic Knight |
| 28:19 | Create | Teutonic Knight |
| 28:20 | Create | Teutonic Knight |
| 28:20 | Create | Teutonic Knight |
| 28:28 | Create | Villager (Male) |
| 28:29 | Create | Villager (Male) |
Build order — brachigol
First 150 of 294 actions detected
| 0:11 | Build | Town Center |
| 0:52 | Build | Dock |
| 2:33 | Create | Villager (Male) ×4 |
| 3:17 | Create | Fishing Ship |
| 3:18 | Create | Villager (Male) |
| 4:09 | Build | House |
| 4:36 | Create | Villager (Male) |
| 4:37 | Create | Fishing Ship |
| 4:57 | Research | Loom |
| 5:12 | Create | Villager (Male) |
| 5:18 | Create | Fishing Ship |
| 5:39 | Create | Villager (Male) |
| 5:43 | Build | House |
| 5:57 | Create | Villager (Male) |
| 6:11 | Build | House |
| 6:29 | Create | Villager (Male) |
| 6:54 | Create | Villager (Male) |
| 6:55 | Create | Fishing Ship |
| 7:00 | Build | House |
| 7:26 | Create | Villager (Male) |
| 7:40 | Create | Fishing Ship |
| 7:49 | Create | Villager (Male) |
| 8:08 | Create | Villager (Male) |
| 8:11 | Create | Fishing Ship |
| 8:27 | Create | Villager (Male) |
| 8:42 | Build | House |
| 8:59 | Create | Villager (Male) |
| 9:07 | Build | Lumber Camp |
| 9:35 | Create | Villager (Male) |
| 9:59 | Create | Villager (Male) |
| 10:04 | Create | Fishing Ship |
| 10:16 | Build | House |
| 10:26 | Build | Mining Camp |
| 10:42 | Create | Villager (Male) |
| 11:01 | Research | Feudal Age |
| 11:22 | Create | Fishing Ship |
| 12:23 | Build | Mill |
| 13:11 | Build | House |
| 13:14 | Create | Villager (Male) |
| 13:14 | Create | Villager (Male) |
| 13:17 | Age | Feudal Age |
| 13:23 | Build | Blacksmith |
| 13:26 | Build | Market |
| 13:32 | Build | Palisade Wall |
| 13:47 | Create | Villager (Male) |
| 13:50 | Build | Mining Camp |
| 14:04 | Build | Dock |
| 14:14 | Build | House |
| 14:21 | Research | Castle Age |
| 14:34 | Research | Tech 906 |
| 14:34 | Research | Tech 906 |
| 15:00 | Research | Double-Bit Axe |
| 15:15 | Build | Outpost |
| 17:01 | Build | House |
| 17:03 | Build | House |
| 17:10 | Create | Villager (Male) |
| 17:11 | Create | Villager (Male) |
| 17:12 | Age | Castle Age |
| 17:19 | Research | Gillnets |
| 17:27 | Build | Castle |
| 17:44 | Build | House |
| 17:46 | Build | House |
| 17:50 | Build | Stone Wall |
| 17:57 | Create | Villager (Male) |
| 18:18 | Build | Stone Wall |
| 18:25 | Create | Villager (Male) |
| 18:30 | Build | Mill |
| 18:39 | Create | Conquistador |
| 18:39 | Create | Conquistador |
| 18:40 | Create | Villager (Male) |
| 18:50 | Create | Villager (Male) |
| 18:53 | Create | Conquistador |
| 18:56 | Research | Bow Saw |
| 19:11 | Create | Conquistador |
| 19:28 | Create | Villager (Male) |
| 19:31 | Create | Conquistador |
| 19:38 | Build | Dock |
| 19:52 | Create | Conquistador |
| 20:07 | Create | Conquistador |
| 20:10 | Create | Villager (Male) |
| 20:16 | Build | Town Center |
| 20:27 | Create | Conquistador |
| 20:38 | Create | Conquistador |
| 20:47 | Build | Lumber Camp |
| 21:23 | Create | Conquistador |
| 21:24 | Create | Villager (Male) |
| 21:24 | Create | Villager (Male) |
| 21:25 | Create | Villager (Male) |
| 21:46 | Create | Villager (Male) |
| 21:46 | Create | Villager (Male) |
| 21:47 | Create | Conquistador |
| 22:15 | Create | Conquistador |
| 22:27 | Create | Villager (Male) |
| 22:46 | Create | Villager (Male) |
| 22:47 | Create | Villager (Male) |
| 22:47 | Create | Villager (Male) |
| 23:05 | Create | Villager (Male) |
| 23:05 | Create | Villager (Male) |
| 23:08 | Create | Conquistador |
| 23:22 | Create | Conquistador |
| 23:27 | Create | Villager (Male) |
| 23:27 | Create | Villager (Male) |
| 23:34 | Build | Town Center |
| 23:38 | Create | Fishing Ship |
| 23:38 | Create | Fishing Ship |
| 23:51 | Create | Villager (Male) |
| 23:51 | Create | Villager (Male) |
| 24:17 | Create | Villager (Male) |
| 24:18 | Create | Villager (Male) |
| 24:39 | Create | Villager (Male) |
| 24:40 | Create | Villager (Male) |
| 24:55 | Create | Conquistador |
| 25:10 | Create | Villager (Male) |
| 25:11 | Create | Villager (Male) |
| 25:11 | Create | Villager (Male) |
| 25:14 | Build | Farm |
| 25:16 | Build | Farm |
| 25:18 | Build | Farm |
| 25:18 | Build | Farm |
| 25:19 | Build | Farm |
| 25:20 | Research | Horse Collar |
| 25:21 | Research | Horse Collar |
| 25:32 | Create | Conquistador |
| 25:32 | Create | Conquistador |
| 25:59 | Create | Villager (Male) |
| 26:00 | Create | Villager (Male) |
| 26:00 | Create | Villager (Male) |
| 26:20 | Create | Villager (Male) |
| 26:20 | Create | Villager (Male) |
| 26:20 | Create | Villager (Male) |
| 26:20 | Create | Villager (Male) |
| 26:21 | Create | Villager (Male) |
| 26:34 | Create | Villager (Male) |
| 26:34 | Create | Villager (Male) |
| 26:37 | Create | Villager (Male) |
| 26:39 | Build | Farm |
| 26:41 | Build | Farm |
| 26:42 | Create | Villager (Male) |
| 27:00 | Create | Villager (Male) ×5 |
| 27:03 | Build | Farm |
| 27:03 | Build | Farm |
| 27:03 | Build | Farm |
| 27:03 | Build | Farm |
| 27:04 | Build | Farm |
| 27:04 | Build | Farm |
| 27:04 | Build | Farm |
| 27:04 | Build | Farm |
| 27:06 | Build | Farm |
| 27:08 | Build | Lumber Camp |
| 27:10 | Build | Farm |
Match timeline
| 0:49 | ABOMB · first_building Dock |
| 0:52 | pray4u · first_building Dock |
| 0:52 | brachigol · first_building Dock |
| 1:14 | Half_59 · first_building Dock |
| 1:19 | Itgetsdarker · first_building Dock |
| 1:41 | [SotC] Gandalf · first_building Dock |
| 2:05 | EXILE | TurtleS3 · first_building Dock |
| 4:18 | [SotC] Gandalf · wall_segment Palisade Wall x1 |
| 4:30 | TdB.TheMoonlightBoy · first_building Dock |
| 5:59 | Half_59 · wall_segment Palisade Wall x1 |
| 6:10 | Half_59 · wall_segment Palisade Wall x1 |
| 7:56 | pray4u · wall_segment Palisade Wall x1 |
| 8:25 | Half_59 · wall_segment Palisade Wall x1 |
| 8:39 | Half_59 · wall_segment Palisade Wall x1 |
| 10:10 | TdB.TheMoonlightBoy · wall_segment Palisade Wall x1 |
| 11:27 | [SotC] Gandalf · first_building Barracks |
| 11:36 | Half_59 · wall_segment Palisade Wall x7 |
| 12:10 | [SotC] Gandalf · age_up feudal |
| 12:13 | Half_59 · age_up feudal |
| 12:14 | [SotC] Gandalf · first_building Archery Range |
| 12:37 | TdB.TheMoonlightBoy · age_up feudal |
| 12:38 | ABOMB · age_up feudal |
| 12:42 | Itgetsdarker · age_up feudal |
| 13:17 | brachigol · age_up feudal |
| 13:28 | EXILE | TurtleS3 · age_up feudal |
| 13:32 | brachigol · wall_segment Palisade Wall x1 |
| 14:07 | pray4u · age_up feudal |
| 14:32 | pray4u · wall_segment Palisade Wall x1 |
| 14:33 | pray4u · wall_segment Palisade Wall x1 |
| 14:45 | [SotC] Gandalf · wall_segment Palisade Wall x1 |
| 15:39 | [SotC] Gandalf · wall_segment Palisade Wall x1 |
| 16:01 | [SotC] Gandalf · wall_segment Palisade Wall x2 |
| 16:01 | [SotC] Gandalf · wall_segment Palisade Wall x2 |
| 16:01 | [SotC] Gandalf · wall_segment Palisade Wall x2 |
| 16:02 | [SotC] Gandalf · wall_segment Palisade Wall x2 |
| 16:02 | [SotC] Gandalf · wall_segment Palisade Wall x2 |
| 16:02 | [SotC] Gandalf · wall_segment Palisade Wall x1 |
| 16:02 | [SotC] Gandalf · wall_segment Palisade Wall x2 |
| 16:03 | [SotC] Gandalf · wall_segment Palisade Wall x1 |
| 16:05 | [SotC] Gandalf · wall_segment Palisade Wall x1 |
| 16:06 | [SotC] Gandalf · wall_segment Palisade Wall x2 |
| 16:06 | [SotC] Gandalf · wall_segment Palisade Wall x2 |
| 16:06 | [SotC] Gandalf · wall_segment Palisade Wall x2 |
| 16:07 | [SotC] Gandalf · wall_segment Palisade Wall x2 |
| 16:07 | [SotC] Gandalf · wall_segment Palisade Wall x2 |
| 16:07 | [SotC] Gandalf · wall_segment Palisade Wall x2 |
| 16:07 | [SotC] Gandalf · wall_segment Palisade Wall x2 |
| 16:08 | [SotC] Gandalf · wall_segment Palisade Wall x1 |
| 16:10 | [SotC] Gandalf · wall_segment Palisade Wall x2 |
| 16:10 | [SotC] Gandalf · wall_segment Palisade Wall x1 |
| 16:25 | Half_59 · wall_segment Palisade Wall x4 |
| 16:55 | ABOMB · age_up castle |
| 17:12 | brachigol · age_up castle |
| 17:27 | brachigol · first_building Castle |
| 17:50 | brachigol · wall_segment Stone Wall x4 |
| 17:59 | Itgetsdarker · age_up castle |
| 18:18 | brachigol · wall_segment Stone Wall x1 |
| 18:41 | Itgetsdarker · first_building Castle |
| 19:40 | TdB.TheMoonlightBoy · wall_segment Palisade Wall x1 |
| 19:41 | TdB.TheMoonlightBoy · wall_segment Palisade Wall x1 |
| 19:59 | Half_59 · wall_segment Palisade Wall x3 |
| 20:05 | Itgetsdarker · first_building Siege Workshop |
| 20:05 | Half_59 · first_market_buy 100 food |
| 20:21 | Half_59 · wall_segment Palisade Wall x4 |
| 20:23 | Half_59 · wall_segment Palisade Wall x4 |
| 20:38 | TdB.TheMoonlightBoy · first_building Barracks |
| 21:04 | EXILE | TurtleS3 · age_up castle |
| 21:05 | EXILE | TurtleS3 · first_market_buy 100 wood |
| 21:47 | [SotC] Gandalf · age_up castle |
| 22:47 | Itgetsdarker · first_market_buy 100 stone |
| 23:01 | TdB.TheMoonlightBoy · first_building Archery Range |
| 23:10 | TdB.TheMoonlightBoy · age_up castle |
| 23:26 | pray4u · wall_segment Stone Wall x1 |
| 23:27 | pray4u · wall_segment Stone Wall x1 |
| 23:27 | pray4u · wall_segment Stone Wall x1 |
| 23:28 | pray4u · wall_segment Stone Wall x1 |
| 23:36 | ABOMB · first_building Castle |
| 24:02 | Itgetsdarker · first_building Monastery |
| 24:21 | TdB.TheMoonlightBoy · first_market_buy 100 food |
| 24:27 | Half_59 · first_building Barracks |
| 24:33 | EXILE | TurtleS3 · wall_segment Palisade Wall x1 |
| 24:37 | EXILE | TurtleS3 · wall_segment Palisade Wall x1 |
| 25:06 | pray4u · wall_segment Palisade Wall x4 |
| 25:25 | Half_59 · wall_segment Palisade Wall x2 |
| 25:25 | Half_59 · wall_segment Palisade Wall x1 |
| 25:27 | Half_59 · wall_segment Palisade Wall x1 |
| 25:36 | pray4u · wall_segment Palisade Wall x4 |
| 25:39 | pray4u · wall_segment Palisade Wall x5 |
| 25:42 | pray4u · wall_segment Palisade Wall x6 |
| 26:00 | Half_59 · first_building Archery Range |
| 26:41 | pray4u · age_up castle |
| 26:43 | TdB.TheMoonlightBoy · first_market_sell 100 stone |
| 27:01 | Half_59 · age_up castle |
| 27:06 | Half_59 · first_building Castle |
| 27:28 | ABOMB · first_market_sell 100 wood |
| 27:32 | ABOMB · first_market_buy 100 stone |
| 27:42 | EXILE | TurtleS3 · first_building Castle |
| 28:17 | EXILE | TurtleS3 · first_building Barracks |
| 29:07 | Half_59 · wall_segment Palisade Wall x9 |
| 29:34 | pray4u · wall_segment Palisade Wall x1 |
| 30:17 | EXILE | TurtleS3 · first_building Stable |
| 30:20 | EXILE | TurtleS3 · first_building Archery Range |
| 30:47 | brachigol · first_building Barracks |
| 31:05 | [SotC] Gandalf · first_building Castle |
| 31:12 | Half_59 · wall_segment Palisade Wall x7 |
| 31:36 | brachigol · first_building Stable |
| 32:13 | EXILE | TurtleS3 · wall_segment Stone Wall x10 |
| 32:16 | EXILE | TurtleS3 · first_building Monastery |
| 32:34 | [SotC] Gandalf · first_market_buy 100 food |
| 32:41 | Itgetsdarker · first_building Barracks |
| 33:43 | EXILE | TurtleS3 · wall_segment Stone Wall x9 |
| 34:10 | brachigol · age_up imperial |
| 34:13 | Half_59 · first_building Monastery |
| 34:21 | ABOMB · first_building Barracks |
| 35:07 | EXILE | TurtleS3 · wall_segment Stone Wall x1 |
| 35:08 | EXILE | TurtleS3 · wall_segment Stone Wall x1 |
| 35:51 | TdB.TheMoonlightBoy · first_building Monastery |
| 36:10 | brachigol · wall_segment Palisade Wall x1 |
| 36:10 | Half_59 · wall_segment Stone Wall x10 |
| 36:13 | brachigol · wall_segment Palisade Wall x1 |
| 36:36 | Half_59 · wall_segment Stone Wall x5 |
| 36:51 | TdB.TheMoonlightBoy · first_building Stable |
| 36:57 | ABOMB · first_building Stable |
| 37:01 | Half_59 · first_market_sell 100 food |
| 37:21 | TdB.TheMoonlightBoy · wall_segment Palisade Wall x14 |
| 37:48 | Itgetsdarker · first_building Stable |
| 38:21 | Half_59 · wall_segment Stone Wall x3 |
| 38:46 | [SotC] Gandalf · age_up imperial |
| 39:17 | [SotC] Gandalf · first_market_sell 100 wood |
| 39:49 | Half_59 · resign |
| 39:50 | TdB.TheMoonlightBoy · age_up imperial |
| 39:52 | EXILE | TurtleS3 · age_up imperial |
| 40:53 | [SotC] Gandalf · first_building Stable |
[ AI ANALYSIS · 1 CREDIT ]
What really happened in this match?
Wolo.gg analyzes every decision: build order, eco, micro, common mistakes by bracket. Personalized analysis on WhatsApp or Discord in 30 seconds.
Civ guide
Mongols
Perfil
Jugador #3105845